 Dungeon Crawl Stone Soup version 0.23.0 (webtiles) character file.

Game seed: 8286061706495636095

150740 Peloso the Peltast (level 16, -3/152 HPs)
             Began as a Minotaur Fighter on Feb 17, 2019.
             Was the Champion of Okawaru.
             Slain by a hell beast (11 damage)
             ... on level 4 of the Swamp.
             The game lasted 01:38:42 (34194 turns).

Peloso the Peltast (Minotaur Fighter)              Turns: 34194, Time: 01:38:42

Health: -3/152     AC: 33    Str: 39    XL:     16   Next: 99%
Magic:  16/16      EV: 10    Int:  8    God:    Okawaru [******]
Gold:   1253       SH: 11    Dex: 11    Spells: 15/15 levels left

rFire    + + +     SeeInvis +   a - +3 demon blade of the Egg {flame, +Fly rPois rC- SInv}
rCold    . . .     Gourm    +   G - +3 buckler of Alutaly {rC- rN+ MR+ Str+2}
rNeg     + + .     Faith    .   S - +0 crystal plate armour
rPois    +         Spirit   .   C - +2 hat
rElec    .         Reflect  .   V - scarf {rC+ rF+}
rCorr    .         Harm     .   K - +2 pair of gloves {Str+3}
MR       ++...                  j - +1 pair of boots
Stlth    ..........             P - amulet "Puxoppo" {Gourm rF+ rN+ Int+3 SInv}
HPRegen  0.35/turn              M - ring "Duenail" {Wiz +Inv rC+ Str+2}
MPRegen  0.15/turn              J - ring of the Queen {rF+ Str+7}

@: hasted, quick
A: retaliatory headbutt, horns 2, blurry vision 1, clumsy 1, no potion heal 1,
subdued magic 1
a: Heroism, Finesse, Renounce Religion, Evoke Invisibility, Evoke Flight


You were on level 4 of the Swamp.
You worshipped Okawaru.
Okawaru was exalted by your worship.
You were full.

You visited 5 branches of the dungeon, and saw 28 of its levels.
You also visited: Gauntlet and Ice Cave.

You collected 3371 gold pieces.
You spent 2118 gold pieces at shops.

Inventory:

Hand Weapons
 a - the +3 demon blade of the Egg (weapon) {flame, +Fly rPois rC- SInv}
   (Okawaru gifted it to you on level 1 of the Lair of Beasts)

   It has been specially enchanted to burn those struck by it, causing extra
   injury to most foes and up to half again as much damage against particularly
   susceptible opponents.
   Big, fiery blades are also staple armaments of hydra-hunters.
   It makes you vulnerable to cold.
   It protects you from poison.
   It lets you see invisible.
   It lets you fly.
 b - the +6 long sword of the Onslaught {flame, Int+4}
   (You found it on level 2 of the Swamp)

   It has been specially enchanted to burn those struck by it, causing extra
   injury to most foes and up to half again as much damage against particularly
   susceptible opponents.
   Big, fiery blades are also staple armaments of hydra-hunters.
   It affects your intelligence (+4).
 v - a +5 long sword of holy wrath
 D - the +7 long sword of Ogygethre {pain, Str+4}
   (You bought it in a shop on level 2 of the Orcish Mines)

   In the hands of one skilled in necromantic magic, it inflicts extra damage on
   living creatures.
   It affects your strength (+4).
Armour
 h - the +2 pair of gloves of Abicas {+Blink rC- rN+ Int+4}
   (You found it in a Gauntlet)

   It affects your intelligence (+4).
   It makes you vulnerable to cold.
   It protects you from negative energy.
   It lets you blink.
 j - a +1 pair of boots (worn)
 z - a +0 plate armour
 C - a +2 hat (worn)
 G - the +3 buckler of Alutaly (worn) {rC- rN+ MR+ Str+2}
   (Okawaru gifted it to you on level 4 of the Lair of Beasts)

   It affects your strength (+2).
   It makes you vulnerable to cold.
   It protects you from negative energy.
   It affects your resistance to hostile enchantments.
 K - a +2 pair of gloves of strength (worn)
 S - a +0 crystal plate armour (worn)
 T - a +1 pair of gloves
 V - a scarf of resistance (worn)
 W - +0 swamp dragon scales
 X - a +0 shield of reflection
Jewellery
 J - the ring of the Queen (right hand) {rF+ Str+7}
   (You found it in an ice cave)

   [ring of protection from fire]

   It affects your strength (+7).
   It protects you from fire.
 L - the amulet "Ussalir" {Acrobat +Blink rF++ Str+2 Stlth-}
   (You found it in a Gauntlet)

   [amulet of the acrobat]

   It helps you evade while moving and waiting.
   It affects your strength (+2).
   It greatly protects you from fire.
   It lets you blink.
   It makes you less stealthy.
 M - the ring "Duenail" (left hand) {Wiz +Inv rC+ Str+2}
   (You found it in an ice cave)

   [ring of wizardry]

   It improves your spell success rate.
   It affects your strength (+2).
   It protects you from cold.
   It lets you turn invisible.
 P - the amulet "Puxoppo" (around neck) {Gourm rF+ rN+ Int+3 SInv}
   (You found it on level 1 of the Lair of Beasts)

   [amulet of the gourmand]

   It allows you to eat raw meat even when not hungry.
   It affects your intelligence (+3).
   It protects you from fire.
   It protects you from negative energy.
   It lets you see invisible.
 U - a +6 ring of protection {unknown}
Wands
 s - a wand of paralysis (7)
 u - a wand of disintegration (9)
 B - a wand of digging (7)
 F - a wand of clouds (3)
 Q - a wand of flame (6)
 R - a wand of iceblast (11)
Scrolls
 e - 12 scrolls of identify
 i - 21 scrolls of teleportation
 k - 4 scrolls of magic mapping
 m - 2 scrolls of acquirement
 p - 2 scrolls of enchant weapon
 q - 5 scrolls of enchant armour
 w - 2 scrolls of fear
 x - a scroll of summoning
 y - 9 scrolls of blinking
 E - 3 scrolls of fog
 H - 10 scrolls of remove curse
 N - a scroll of brand weapon
 O - 3 scrolls of amnesia
Potions
 c - 2 potions of brilliance
 d - 8 potions of might
 g - 13 potions of curing
 l - a potion of mutation
 n - a potion of magic
 o - 3 potions of heal wounds
 r - 7 potions of haste
 t - 4 potions of agility
 A - a potion of resistance
 I - 2 potions of invisibility
Miscellaneous
 Y - a lamp of fire
Comestibles
 f - 49 rations


   Skills:
 + Level 16.3 Fighting
 + Level 17.9 Long Blades
 + Level 16.8 Armour
 + Level 4.5 Dodging
 + Level 3.3 Stealth
 + Level 19.1 Shields
 + Level 1.5 Invocations
 + Level 1.1 Evocations


You had 15 spell levels left.
You didn't know any spells.
Your spell library contained the following spells:

 Spells                   Type           Power        Failure   Level  Hunger
 Animate Skeleton         Necr           N/A          71%         1    ##.....
 Apportation              Tloc           #.....       71%         1    ##.....
 Confusing Touch          Hex            #.....       71%         1    ##.....
 Corona                   Hex            #......      71%         1    ##.....
 Magic Dart               Conj           #...         71%         1    ##.....
 Pain                     Necr           #...         71%         1    ##.....
 Summon Small Mammal      Summ           #...         71%         1    ##.....
 Corpse Rot               Necr           N/A          85%         2    ###....
 Ensorcelled Hibernation  Hex/Ice        #.....       85%         2    ###....
 Passwall                 Tmut/Erth      #.......     85%         2    ###....
 Searing Ray              Conj           #.....       85%         2    ###....
 Sublimation of Blood     Necr           #.........   85%         2    ###....
 Swiftness                Chrm/Air       #.......     85%         2    ###....
 Confuse                  Hex            #.......     97%         3    ####...
 Dazzling Spray           Conj/Hex       #.....       97%         3    ####...
 Ignite Poison            Fire/Tmut/Pois #.......     97%         3    ####...
 Recall                   Summ/Tloc      N/A          97%         3    ####...
 Static Discharge         Conj/Air       #.......     97%         3    ####...
 Tukima's Dance           Hex            #.......     97%         3    ####...
 Animate Dead             Necr           N/A          100%        4    #####..
 Force Lance              Conj/Tloc      #.......     100%        4    #####..
 Fulminant Prism          Conj/Hex       #.........   100%        4    #####..
 Iskenderun's Mystic Bla  Conj           #.......     100%        4    #####..
 Passage of Golubria      Tloc           N/A          100%        4    #####..
 Petrify                  Tmut/Erth      #.......     100%        4    #####..
 Agony                    Necr           #.......     100%        5    ######.
 Alistair's Intoxication  Tmut/Pois      #.......     100%        5    ######.
 Bolt of Draining         Conj/Necr      #.........   100%        5    ######.
 Borgnjor's Vile Clutch   Necr/Erth      #.........   100%        5    ######.
 Dispel Undead            Necr           #.......     100%        5    ######.
 Excruciating Wounds      Chrm/Necr      #.........   100%        5    ######.
 Irradiate                Conj/Tmut      #.........   100%        5    ######.
 Lee's Rapid Deconstruct  Erth           #.........   100%        5    ######.
 Darkness                 Hex            #.........   100%        6    #######
 Death Channel            Necr           #.........   100%        6    #######
 Freezing Cloud           Conj/Ice/Air   #.........   100%        6    #######
 Invisibility             Hex            #.......     100%        6    #######
 Simulacrum               Ice/Necr       #.........   100%        6    #######


Dungeon Overview and Level Annotations

Branches:
Dungeon (15/15)            Temple (1/1) D:6            Lair (6/6) D:10
  Swamp (4/4) Lair:2        Snake (0/4) Lair:3        Slime (0/5) Lair:5
    Orc (2/2) D:12            Elf (0/3) Orc:2        Vaults (0/5) D:13
 Depths (0/5) D:15

Altars:
Ashenzari
Dithmenos
Elyvilon
Fedhas
Gozag
Kikubaaqudgha
Nemelex Xobeh
Okawaru
Qazlal
Ru
Sif Muna
Vehumet
Xom
Yredelemnul
The Shining One
Beogh
Jiyva

Shops:
D:5 [   D:6 *   D:12 *   D:15 *   Orc:2 }[*(


Innate Abilities, Weirdness & Mutations

You reflexively headbutt those who attack you in melee.
You have a pair of horns on your head.
Scrolls take you a little longer to read.
You are clumsy. (Dex -2)
Potions are less effective at restoring your health.
Your spells are a little easier to cast, but a little less powerful.


Message History

You block the six-headed hydra's attack.
The six-headed hydra closely misses you.
The six-headed hydra bites you.
* * * LOW HITPOINT WARNING * * *
Really read with blurry vision while enemies are nearby?
Okay, then.
Your system partially rejects the healing.
You feel much better. The hell beast bites you!
* * * LOW HITPOINT WARNING * * *
The hell beast tramples you but does no damage.
The six-headed hydra bites you but does no damage. x2
The six-headed hydra bites you!
* * * LOW HITPOINT WARNING * * *
The six-headed hydra bites you but does no damage.
You block the six-headed hydra's attack.
The six-headed hydra bites you but does no damage.
You feel yourself speed up. You block the hell beast's attack.
The hell beast tramples you but does no damage.
The hell beast bites you!
You die...

###≈#≈≈≈#≈#.≈≈#≈≈≈##≈.
≈≈≈≈≈≈..≈≈.≈≈≈..≈≈≈≈≈≈.
≈#n#≈§.≈.≈#≈#≈.≈.≈≈♣≈#≈#
♣.#u##..≈♣≈♣≈#..≈##≈#.#≈
.≈≈.##≈≈≈≈≈≈≈≈≈#≈.≈≈≈≈≈
#≈≈.≈≈≈≈.#.≈≈≈≈u§≈##≈.
#≈n#≈≈≈#.##°≈#≈≈#.##≈
#2D♣≈#...#§#≈≈#...#≈
##.#@≈#####≈#≈≈##.##
♣≈##♣#.J2#≈≈≈≈≈≈≈≈#≈≈###
♣.≈.≈.≈J#.≈≈...≈≈#≈..§≈
♣♣♣≈.≈.≈.≈..≈.≈...≈≈≈..♣
####♣#####♣###♣♣# ####


You could see 2 hell beasts, a six-headed hydra, a white ugly thing, a large
slime creature, a slime creature and 2 bog bodies.

Vanquished Creatures
  Kirke (Lair:4)
  Gastronok (Lair:3)
  A thorn hunter (Swamp:1)
  2 very ugly things
  A minotaur (Gauntlet)
  2 ettins (Orc:1)
  Snorg (Lair:6)
  3 green deaths
  2 ogre magi
  Josephine (Lair:6)
  2 ice dragons (IceCv)
  Harold (D:7)
  A ghost crab (Swamp:3)
  4 vault guards (D:13)
  2 shambling mangroves (Swamp:2)
  14 hydras
  Erica (D:9)
  3 catoblepae
  4 centaur warriors
  A tengu warrior (D:14)
  14 alligators
  10 two-headed ogres
  3 death yaks (Lair:6)
  Urug (Orc:2)
  A deep troll shaman (Lair:6)
  A spriggan (Swamp:4)
  3 skeletal warriors (D:13)
  2 spriggan druids
  The ghost of halottka the Summoner, a novice OpWz of Hepliaklqana (D:9)
  5 unseen horrors
  A glowing orange brain (D:15)
  6 swamp dragons
  2 harpies (shapeshifter) (D:15)
  An orc knight (D:13)
  2 oklob plants
  A wolf spider zombie (D:13)
  A deep elf mage (D:14)
  17 slime creatures
  5 cyclopes
  9 orc sorcerers
  5 ugly things
  2 manticores
  9 elephants
  An orange demon (Gauntlet)
  2 ice statues (IceCv)
  3 black mambas
  Psyche (D:12)
  6 gargoyles
  22 spiny frogs
  3 rime drakes
  A freezing wraith (D:15)
  5 kobold demonologists
  An ice devil (Gauntlet)
  An efreet (D:13)
  9 komodo dragons
  A tengu conjurer (D:9)
  A queen bee (Lair:5)
  3 meliai (Lair:5)
  A troll (shapeshifter) (D:15)
  4 trolls
  A merfolk (shapeshifter) (D:15)
  16 tyrant leeches
  2 polar bears
  A wind drake (shapeshifter) (D:14)
  2 large abominations (Swamp:4)
  Prince Ribbit (D:7)
  12 bog bodies
  2 hornets
  13 blink frogs
  9 hippogriffs
  A hippogriff (shapeshifter) (D:15)
  A raiju (shapeshifter) (D:15)
  6 wraiths
  6 shadows
  6 wyverns
  25 yaks
  A yak (shapeshifter) (D:15)
  5 hogs (Lair:4)
  5 water elementals (D:14)
  2 humans (D:13)
  A golden eye (shapeshifter) (D:14)
  4 basilisks
  2 hungry ghosts
  A steam dragon (D:8)
  29 vampire mosquitoes
  7 wargs
  A soldier ant (D:15)
  24 swamp worms
  11 insubstantial wisps
  2 acid dragons
  20 water moccasins
  A black bear (Lair:6)
  9 orc warriors
  11 porcupines
  18 ice beasts
  7 swamp drakes
  7 sky beasts
  3 boggarts (D:15)
  8 ogres
  2 necrophages
  41 wolves
  9 centaurs
  8 crocodiles
  16 big kobolds
  20 bullfrogs
  A gnoll sergeant (D:7)
  A wyvern zombie (D:6)
  A water moccasin skeleton (D:8)
  4 scorpions
  27 killer bees
  4 wights
  2 electric eels (D:14)
  A howler monkey (D:6)
  6 centaur zombies
  7 crimson imps
  A bullfrog zombie (D:9)
  A quasit (D:8)
  8 hounds
  44 orc wizards
  4 bullfrog skeletons
  11 orc priests
  6 centaur skeletons
  5 jellies
  Jessica (D:3)
  3 iguanas
  11 worker ants
  Ijyb (D:3)
  Terence (D:3)
  A killer bee zombie (D:9)
  2 worker ant zombies (D:6)
  11 gnolls
  A howler monkey skeleton (D:9)
  20 adders
  A shadow imp (D:8)
  3 white imps (Gauntlet)
  2 oozes
  2 adder skeletons
  A worm (D:3)
  A dart slug (D:1)
  10 leopard geckos
  104 orcs
  2 giant cockroaches
  5 goblins
  2 hobgoblins
  3 jackals (D:10)
  9 kobolds
  7 quokkas
  6 bats
  6 frilled lizards
  A jackal skeleton (D:7)
  A leopard gecko skeleton (D:6)
  6 rats
  3 briar patches (Swamp:1)
  A bush (Lair:6)
  5 fungi
  6 plants
967 creatures vanquished.

Vanquished Creatures (others)
  A shadow (D:15)
  A swamp drake (Swamp:3)
  An orc wizard (Orc:2)
  An orc (Orc:2)
  A briar patch (Swamp:1)
  5 fungi
  4 plants
14 creatures vanquished.

Grand Total: 981 creatures vanquished

Notes
Turn   | Place    | Note
-------+----------+-------------------------------------------
     0 | D:1      | Peloso the Minotaur Fighter began the quest for the Orb.
     0 | D:1      | Reached XP level 1. HP: 19/19 MP: 0/0
   190 | D:1      | Reached XP level 2. HP: 26/27 MP: 1/1
   242 | D:1      | Reached skill level 4 in Shields
   685 | D:2      | Reached XP level 3. HP: 29/33 MP: 2/2
  1259 | D:3      | Noticed Terence
  1272 | D:3      | Killed Terence
  1272 | D:3      | Reached XP level 4. HP: 32/41 MP: 3/3
  1358 | D:3      | Noticed Jessica
  1365 | D:3      | Killed Jessica
  1370 | D:3      | Noticed Ijyb
  1378 | D:3      | Killed Ijyb
  1378 | D:3      | Reached XP level 5. HP: 3/47 MP: 4/4
  1794 | D:3      | Found a basalt altar of Yredelemnul.
  2321 | D:3      | Reached skill level 5 in Shields
  2338 | D:4      | Reached skill level 1 in Dodging
  2444 | D:4      | Reached XP level 6. HP: 40/55 MP: 5/5
  2794 | D:5      | Entered Level 5 of the Dungeon
  2896 | D:5      | Reached skill level 5 in Fighting
  2985 | D:5      | Found Haesch's Armour Boutique.
  2998 | D:5      | Reached skill level 5 in Armour
  3069 | D:5      | Reached skill level 5 in Long Blades
  3121 | D:5      | Reached skill level 6 in Shields
  3121 | D:5      | Reached XP level 7. HP: 61/61 MP: 6/6
  4004 | D:6      | Found an ancient bone altar of Kikubaaqudgha.
  4004 | D:6      | Found Fuva's Profane Products.
  4563 | D:6      | Reached XP level 8. HP: 51/69 MP: 7/7
  4828 | D:6      | Found a staircase to the Ecumenical Temple.
  4836 | D:6      | Reached skill level 7 in Shields
  4851 | Temple   | Entered the Ecumenical Temple
  4958 | Temple   | Became a worshipper of Warmaster Okawaru
  5675 | D:7      | Reached * piety under Okawaru
  5725 | D:7      | Reached skill level 8 in Shields
  5763 | D:7      | Noticed Harold
  6139 | D:7      | Reached XP level 9. HP: 71/75 MP: 8/8
  6229 | D:7      | Noticed Prince Ribbit
  6300 | D:7      | Found a shimmering altar of Xom.
  6437 | D:7      | Killed Prince Ribbit
  7020 | D:8      | Reached ** piety under Okawaru
  7020 | D:8      | Reached skill level 9 in Shields
  7722 | D:7      | Reached skill level 10 in Shields
  7770 | D:7      | Killed Harold
  7770 | D:7      | Reached *** piety under Okawaru
  7770 | D:7      | Reached XP level 10. HP: 80/86 MP: 9/9
  8185 | D:8      | Reached **** piety under Okawaru
  8880 | D:9      | Noticed Erica
  8911 | D:9      | Killed Erica
  8911 | D:9      | Reached skill level 10 in Long Blades
  8911 | D:9      | Reached skill level 11 in Shields
  9212 | D:9      | Noticed a cyclops
  9300 | D:9      | Killed a cyclops
  9462 | D:9      | Found a runed translucent gate.
  9465 | D:9      | Found a runed translucent gate.
  9466 | D:9      | Found a runed translucent gate.
  9467 | D:9      | Noticed halottka's ghost (novice OpWz)
 10100 | D:10     | Entered Level 10 of the Dungeon
 10142 | D:10     | Reached ***** piety under Okawaru
 10161 | D:10     | Reached XP level 11. HP: 73/95 MP: 10/10
 10165 | D:10     | Received a gift from Okawaru
 10197 | D:10     | Reached skill level 10 in Armour
 10240 | D:10     | Reached skill level 12 in Shields
 10637 | D:10     | Noticed a two-headed ogre
 10645 | D:10     | Killed a two-headed ogre
 10937 | D:10     | Noticed a two-headed ogre
 10949 | D:10     | Killed a two-headed ogre
 10949 | D:10     | Reached skill level 1 in Stealth
 10983 | D:10     | Found a staircase to the Lair.
 11471 | D:11     | Found a frozen archway.
 11489 | IceCv    | Entered an ice cave
 11835 | IceCv    | Reached skill level 13 in Shields
 11951 | IceCv    | Noticed an ice dragon
 11966 | IceCv    | Killed an ice dragon
 12229 | IceCv    | Noticed an ice dragon
 12256 | IceCv    | Killed an ice dragon
 12274 | IceCv    | Got a coiled bone ring
 12275 | IceCv    | Identified the ring of the Queen {rF+ Str+7} (You found it
                  | in an ice cave)
 12282 | IceCv    | Got a coiled amber ring
 12284 | IceCv    | Identified the ring "Duenail" {Wiz +Inv rC+ Str+2} (You
                  | found it in an ice cave)
 12492 | D:11     | Reached XP level 12. HP: 97/106 MP: 11/11
 12544 | D:11     | Received a gift from Okawaru
 13249 | D:9      | Killed halottka's ghost
 13249 | D:9      | Reached skill level 10 in Fighting
 13627 | Lair:1   | Entered Level 1 of the Lair of Beasts
 13907 | Lair:1   | Got a coiled pewter amulet
 13908 | Lair:1   | Identified the amulet "Puxoppo" {Gourm rF+ rN+ Int+3 SInv}
                  | (You found it on level 1 of the Lair of Beasts)
 13974 | Lair:1   | Reached ****** piety under Okawaru
 13974 | Lair:1   | Reached skill level 14 in Shields
 14003 | Lair:1   | Received a gift from Okawaru
 14010 | Lair:1   | Got a scorched demon blade {god gift}
 14011 | Lair:1   | Identified the +3 demon blade of the Egg {flame, +Fly rPois
                  | rC- SInv} (Okawaru gifted it to you on level 1 of the Lair
                  | of Beasts)
 14291 | Lair:1   | Got a translucent rapier
 14295 | Lair:1   | Identified the cursed +0 rapier of Forced Transition
                  | {pierce, rF+++ rN+ Dex-5} (You found it on level 1 of the
                  | Lair of Beasts)
 15075 | Lair:2   | Noticed a six-headed hydra
 15082 | Lair:2   | Killed a one-headed hydra
 15136 | Lair:2   | Noticed a six-headed hydra
 15140 | Lair:2   | Killed a three-headed hydra
 15284 | Lair:2   | Found a stormy altar of Qazlal.
 15362 | Lair:2   | Reached XP level 13. HP: 116/116 MP: 12/12
 15772 | Lair:2   | Reached skill level 1 in Evocations
 16199 | Lair:2   | Received a gift from Okawaru
 16325 | Lair:2   | Found a staircase to the Swamp.
 16688 | Lair:3   | Noticed Gastronok
 16700 | Lair:3   | Killed Gastronok
 16773 | Lair:3   | Found a staircase to the Snake Pit.
 17293 | Lair:4   | Reached skill level 15 in Shields
 17425 | Lair:4   | Noticed Kirke
 17445 | Lair:4   | Killed Kirke
 17530 | Lair:4   | Received a gift from Okawaru
 17530 | Lair:4   | Reached skill level 1 in Invocations
 17533 | Lair:4   | Got a fine buckler {god gift}
 17544 | Lair:4   | Identified the +3 buckler of Alutaly {rC- rN+ MR+ Str+2}
                  | (Okawaru gifted it to you on level 4 of the Lair of Beasts)
 18224 | Lair:5   | Reached skill level 15 in Long Blades
 18639 | Lair:5   | Reached XP level 14. HP: 121/127 MP: 13/13
 18849 | Lair:5   | Identified the Reference Book on Damaging Dark Rites
 19009 | Lair:5   | Found a viscous altar of Jiyva.
 19009 | Lair:5   | Found a staircase to the Slime Pits.
 19200 | Lair:6   | Entered Level 6 of the Lair of Beasts
 19200 | Lair:6   | Noticed Josephine
 19237 | Lair:6   | Reached skill level 16 in Shields
 19242 | Lair:6   | Killed Josephine
 19303 | Lair:6   | Found a gate leading to a gauntlet.
 19312 | Gauntlet | Entered a Gauntlet
 19312 | Gauntlet | Found a transporter.
 19312 | Gauntlet | Found a transporter.
 19602 | Gauntlet | Found a transporter.
 19606 | Gauntlet | Found a transporter.
 19610 | Gauntlet | Found a runed translucent door.
 19612 | Gauntlet | Found a runed translucent door.
 19618 | Gauntlet | Found a transporter.
 19622 | Gauntlet | Found a transporter.
 19629 | Gauntlet | Noticed a balrug
 19635 | Gauntlet | Found a transporter.
 19648 | Gauntlet | Found a transporter.
 19662 | Gauntlet | Found a transporter.
 19666 | Gauntlet | Found a transporter.
 19678 | Gauntlet | Found a transporter.
 19682 | Gauntlet | Found a transporter.
 19815 | Gauntlet | Got a pair of bloodstained gloves
 19823 | Gauntlet | Identified the +2 pair of gloves of Abicas {+Blink rC- rN+
                  | Int+4} (You found it in a Gauntlet)
 19865 | Gauntlet | Got a crude ruby amulet
 19867 | Gauntlet | Identified the amulet "Ussalir" {Acrobat +Blink rF++ Str+2
                  | Stlth-} (You found it in a Gauntlet)
 19969 | Gauntlet | Identified the cursed +2 dagger "Mied" {freeze, Int+3
                  | Dex+4}
 19982 | Gauntlet | Received a gift from Okawaru
 19986 | Gauntlet | Got a bloodstained demon blade {god gift}
 19987 | Gauntlet | Identified the +1 demon blade of Jycewkux {elec, Int+6
                  | SInv} (Okawaru gifted it to you in a Gauntlet)
 20131 | Gauntlet | Got a fine battleaxe
 20131 | Gauntlet | Got an ancient scale mail
 20241 | Lair:6   | Noticed Snorg
 20256 | Lair:6   | Killed Snorg
 20848 | Lair:1   | Identified the +1 scale mail of the Wary Ships {rF+ rC+
                  | Dex+4 Slay+2} (You found it in a Gauntlet)
 20880 | Lair:1   | Identified the +1 battleaxe of Fear {distort, rElec Str-2
                  | Dex+4} (You found it in a Gauntlet)
 20890 | Lair:1   | Gained mutation: You are clumsy. (Dex -2) [mutagenic glow]
 22509 | D:12     | Found Gadeffaa's General Store.
 22553 | D:12     | Received a gift from Okawaru
 22568 | D:12     | Bought a scroll of blinking for 82 gold pieces
 22568 | D:12     | Bought a scroll of identify for 22 gold pieces
 22780 | D:12     | Noticed Psyche
 22785 | D:12     | Killed Psyche
 22849 | D:12     | Gained mutation: Scrolls take you a little longer to read.
                  | [a neqoxec]
 22853 | D:12     | Gained mutation: Potions are less effective at restoring
                  | your health. [a neqoxec]
 22854 | D:12     | Gained mutation: Your spells are a little easier to cast,
                  | but a little less powerful. [a neqoxec]
 22975 | D:12     | Found a staircase to the Orcish Mines.
 23121 | Orc:1    | Entered Level 1 of the Orcish Mines
 23474 | Orc:2    | Entered Level 2 of the Orcish Mines
 23709 | Orc:2    | Noticed Urug
 23719 | Orc:2    | Killed Urug
 23978 | Orc:2    | Paralysed by an orc sorcerer for 3 turns
 24038 | Orc:2    | Found Ovirauta's Gadget Shop.
 24064 | Orc:2    | Reached XP level 15. HP: 133/137 MP: 15/15
 24083 | Orc:2    | Found Egoc's Armour Shoppe.
 24091 | Orc:2    | Reached skill level 17 in Shields
 24119 | Orc:2    | Found a roughly hewn altar of Beogh.
 24167 | Orc:2    | Received a gift from Okawaru
 24196 | Orc:2    | Found Ikumaan's General Store.
 24196 | Orc:2    | Found Pucouh's Antique Weapon Shoppe.
 24201 | Orc:2    | Bought a scroll of blinking for 105 gold pieces
 24201 | Orc:2    | Bought a scroll of identify for 28 gold pieces
 24201 | Orc:2    | Bought a scroll of identify for 28 gold pieces
 24214 | Orc:2    | Bought a brightly glowing long sword for 255 gold pieces
 24215 | Orc:2    | Identified the +7 long sword of Ogygethre {pain, Str+4}
                  | (You bought it in a shop on level 2 of the Orcish Mines)
 24382 | Orc:2    | Found Uthykegh's Magic Scroll Shop.
 24391 | Orc:2    | Bought a scroll of enchant armour for 90 gold pieces
 24391 | Orc:2    | Bought a scroll of remove curse for 36 gold pieces
 24391 | Orc:2    | Bought a scroll of amnesia for 42 gold pieces
 24391 | Orc:2    | Bought a scroll of teleportation for 36 gold pieces
 24391 | Orc:2    | Bought a scroll of identify for 24 gold pieces
 24391 | Orc:2    | Bought a scroll of identify for 24 gold pieces
 24391 | Orc:2    | Bought a scroll of teleportation for 36 gold pieces
 24391 | Orc:2    | Bought a scroll of identify for 24 gold pieces
 24391 | Orc:2    | Bought a scroll of blinking for 90 gold pieces
 24391 | Orc:2    | Bought a scroll of blinking for 90 gold pieces
 24399 | Orc:2    | Identified a scroll of acquirement
 24426 | Orc:2    | Found a staircase to the Elven Halls.
 25805 | D:13     | Received a gift from Okawaru
 26017 | D:13     | Found a gate to the Vaults.
 27304 | D:15     | Entered Level 15 of the Dungeon
 27339 | D:15     | Reached skill level 15 in Armour
 27599 | D:15     | Received a gift from Okawaru
 27815 | D:15     | Found a staircase to the Depths.
 28268 | D:15     | Reached skill level 15 in Fighting
 28276 | D:15     | Reached skill level 18 in Shields
 28599 | D:15     | Found Ibextaec's Pet Rocks.
 28696 | D:15     | Reached XP level 16. HP: 129/149 MP: 16/16
 29227 | D:15     | Bought a cursed +0 crystal plate armour for 1106 gold
                  | pieces
 29430 | Swamp:1  | Entered Level 1 of the Swamp
 29614 | Swamp:1  | Found a deep blue altar of Sif Muna.
 29659 | Swamp:1  | Noticed a thorn hunter
 29674 | Swamp:1  | Killed a thorn hunter
 30408 | Swamp:1  | Received a gift from Okawaru
 31189 | Swamp:2  | Got a twisted long sword
 31190 | Swamp:2  | Identified the +6 long sword of the Onslaught {flame,
                  | Int+4} (You found it on level 2 of the Swamp)
 31350 | Swamp:2  | Received a gift from Okawaru
 32640 | Swamp:4  | Entered Level 4 of the Swamp
 32677 | Swamp:4  | HP: 2/151 [slime creature (8)]
 33709 | Swamp:4  | Reached skill level 19 in Shields
 34193 | Swamp:4  | HP: 7/152 [six-headed hydra (8)]
 34194 | Swamp:4  | Slain by a hell beast

Skill      XL: |  1  2  3  4  5  6  7  8  9 10 11 12 13 14 15 16 |
---------------+-------------------------------------------------+-----
Shields        | 4 5 6 8 10 11 13 14 15 16 18 19 | 19.1
Fighting       | 4 5 6 7 8 9 11 12 13 15 16 | 16.3
Armour         | 4 5 7 8 9 10 11 13 14 15 16 | 16.8
Long Blades    | 3 4 5 6 8 9 10 13 14 15 16 17 | 17.9
Dodging        | 2 3 4 |  4.5
Stealth        | 1 2 3 |  3.3
Evocations     | 1 |  1.1
Invocations    | 1 |  1.5

Action                   |  1- 3 |  4- 6 |  7- 9 | 10-12 | 13-15 | 16-18 || total
-------------------------+-------+-------+-------+-------+-------+-------++-------
Melee: Long sword        |    96 |   154 |   417 |   151 |       |   128 ||   946
       Headbutt          |    12 |    24 |    71 |   171 |   380 |   183 ||   841
       Scimitar          |       |       |       |   504 |       |       ||   504
       Demon blade       |       |       |       |    75 |  1272 |   435 ||  1782
Invok: Heroism           |       |       |     1 |     3 |     8 |       ||    12
       Finesse           |       |       |       |       |     1 |       ||     1
Evoke: Wand              |       |     3 |       |     4 |     7 |       ||    14
  Use: Scroll            |       |     4 |     5 |    15 |    10 |     1 ||    35
       Potion            |       |       |       |     2 |     3 |     4 ||     9
 Stab: Petrified         |       |       |       |       |     7 |       ||     7
       Confused          |       |       |       |       |       |     1 ||     1
  Eat: Chunk             |     1 |     7 |    11 |    26 |    48 |    16 ||   109
       Ration            |       |       |     1 |     3 |       |       ||     4
Armor: Scale mail        |    55 |     2 |       |       |       |       ||    57
       Chain mail        |       |    94 |    92 |       |       |       ||   186
       Plate armour      |       |       |   119 |   355 |   594 |       ||  1068
       Crystal plate arm |       |       |       |       |       |   406 ||   406
Dodge: Dodged            |    35 |    41 |    99 |   218 |   433 |   190 ||  1016
Block: Shield            |    46 |   106 |   259 |   530 |   141 |       ||  1082
       Buckler           |       |       |       |       |   539 |   347 ||   886
       Rpst.: Long sword |     8 |    11 |    29 |    11 |       |    10 ||    69
       Scimitar          |       |       |       |    41 |       |       ||    41
       Demon blade       |       |       |       |     6 |   112 |    39 ||   157
